 Dungeon Crawl Stone Soup version 0.28-a0-48-gfd831c5874 (webtiles) character file.

Game seed: 11293733520344809405

82 Spaninq the Sneak (level 4, 0/21 HPs)
             Began as a Spriggan Enchanter on July 29, 2021.
             Killed by divine providence
             ... invoked by an orc priest
              (11 damage)
             ... on level 3 of the Dungeon.
             The game lasted 00:07:24 (3209 turns).

Spaninq the Sneak (Spriggan Enchanter)              Turns: 3209, Time: 00:07:24

Health: 0/21       AC:  4    Str:  1 (4)  XL:     4   Next: 21%
Magic:  6/9        EV: 17    Int: 14 (16) God:
Gold:   82         SH:  0    Dex: 14 (16) Spells: 6/9 levels left

rFire   . . .      SeeInvis +   a - +1 dagger
rCold   + . .      Faith    .   (shield restricted)
rNeg    . . .      Spirit   .   b - +0 robe
rPois   +          Reflect  .   (helmet restricted)
rElec   .          Harm     .   i - +1 cloak {rPois}
rCorr   .          Rampage  .   (gloves unavailable)
Will    .....                   (boots unavailable)
Stlth   +++.......              (no amulet)
HPRegen 0.07/turn               d - ring of protection from cold
MPRegen 0.11/turn               (no ring)

@: hasted, very quick
A: very small, no large weapons, unfitting armour, see invisible, speed 3
a: no special abilities


You were on level 3 of the Dungeon.
You visited 1 branch of the dungeon, and saw 3 of its levels.

You collected 82 gold pieces.

Inventory:

Hand Weapons
 a - a +1 dagger (weapon)
Missiles
 m - a throwing net
Armour
 b - a +0 robe (worn)
 i - a +1 cloak of poison resistance (worn)
Jewellery
 d - a ring of protection from cold (left hand)
Scrolls
 f - a scroll of enchant armour {unknown}
 j - a scroll of teleportation {unknown}
 k - 2 scrolls of immolation {unknown}
Potions
 l - a potion of lignification {unknown}


   Skills:
 * Level 2.7 Short Blades
 + Level 3.0 Dodging
 * Level 5.6 Stealth
 + Level 3.2 Spellcasting
 + Level 4.1 Hexes


You had 6 spell levels left.
You knew the following spells:

 Your Spells              Type           Power      Damage    Failure   Level
a - Corona                Hex            14%        N/A       3%          1
b - Ensorcelled Hibernat  Hex/Ice        16%        N/A       14%         2

Your spell library contained the following spells:

 Spells                   Type           Power      Damage    Failure   Level
 Confusing Touch          Hex            13%        N/A       12%         3
 Tukima's Dance           Hex            13%        N/A       12%         3
 Dazzling Flash           Conj/Hex       16%        N/A       26%         3


Dungeon Overview and Level Annotations

Branches:
Dungeon (3/15)

Altars:


Innate Abilities, Weirdness & Mutations

You are very small and have problems with some larger weapons.
You are too small for most types of armour.
You have supernaturally acute eyesight. (SInv)
You cover ground extremely quickly. (Speed+++)


Message History

Casting: Ensorcelled Hibernation (safe; 12% risk of failure)
Confirm with . or Enter, or press ? or * to list all spells.
Aiming: Ensorcelled Hibernation (safe; 12% risk of failure)
Press: ? - help, Shift-Dir - straight line, f/p - hobgoblin
Aim: a hobgoblin (chance to affect: 58%)
The hobgoblin looks drowsy...
The helpless hobgoblin fails to defend itself.
You impale the hobgoblin!!
You kill the hobgoblin!
The orc barely misses you.
The orc wizard points at you and mumbles some strange words.
You are confused.
You hear a shout!
You are too confused!
It was a potion of degeneration.
There was something very wrong with that liquid.
You feel weakened.
You feel dopey.
You feel clumsy. The orc closely misses you.
It was a potion of heal wounds.
You feel much better. The orc barely misses you. The orc wizard misses you.
It was a potion of haste.
You feel yourself speed up. The orc closely misses you.
The orc wizard hits you but does no damage.
It was a potion of curing.
You feel better. The orc misses you. The orc wizard casts a spell at you.
You are confused.
You're too confused to move!
You hit the orc wizard but do no damage.
The orc completely misses you.
You miss the orc wizard. The orc barely misses you.
The orc wizard completely misses you.
You bump into the rock wall.
The orc priest misses you.
You feel less confused. The orc wizard casts a spell at you.
The puff of flame hits you!
The orc priest invokes the aid of Beogh against you.
Beogh smites you!
Ouch! That really hurt!
You die...

..###### .....o........#
#.[<...#### ......g.......
.#####>...# ............#
...######.## ?........#
##.....##..### #.....#
#####.###...###########.#######
#..####.......oo..........>
##...#######..o..w..#######
###.......@.########
###########


You could see a worm, an orc priest, an orc wizard and an orc.

Vanquished Creatures
  4 gnolls (D:2)
  2 worms
  6 bats
  5 endoplasms
  3 goblins
  5 hobgoblins
  A jackal (D:3)
  2 ball pythons (D:1)
  2 frilled lizards
  4 kobolds
  3 rats
37 creatures vanquished.

Vanquished Creatures (others)
  2 fungi (D:3)
2 creatures vanquished.

Grand Total: 39 creatures vanquished

Notes
Turn   | Place    | Note
-------+----------+-------------------------------------------
     0 | D:1      | Spaninq the Spriggan Enchanter began the quest for the Orb.
     0 | D:1      | Reached XP level 1. HP: 9/9 MP: 5/5
   726 | D:1      | Reached XP level 2. HP: 13/13 MP: 6/6
   756 | D:1      | Learned a level 2 spell: Ensorcelled Hibernation
   962 | D:1      | Reached skill level 5 in Stealth
  1818 | D:2      | Reached XP level 3. HP: 16/16 MP: 5/8
  2502 | D:2      | Reached XP level 4. HP: 21/21 MP: 6/9
  2782 | D:3      | Found a faded altar of an unknown god.
  3209 | D:3      | Killed from afar by an orc priest

Illustrated notes

Levels and vault maps discovered:
D:1:      eino_arrival_cavern_c, layout_basic
D:2:      layout_loops_ring
D:3:      layout_rooms, shapermc_ecumenical_altar_ellora

Skill      XL: |  1  2  3  4 |
---------------+-------------+-----
Stealth        | 5 |  5.6
Short Blades   | 2 |  2.7
Spellcasting   | 3 |  3.2
Hexes          | 4 |  4.1
Dodging        | 3 |  3.0

Action                   |  1- 3 |  4- 6 || total
-------------------------+-------+-------++-------
Melee: Dagger            |    51 |    14 ||    65
 Cast: Ensorcelled Hiber |    28 |    15 ||    43
  Use: Potion            |       |     4 ||     4
 Stab: Sleeping          |    19 |     9 ||    28
       Distracted        |     1 |       ||     1
Armor: Robe              |     3 |     2 ||     5
Dodge: Dodged            |    30 |    20 ||    50

Table legend: (Time is in decaauts)
 A = Elapsed time spent in this place.
 B = Non-inter-level travel time spent in this place.
 C = Inter-level travel time spent in this place.
 D = Time resting spent in this place.
 E = Time spent auto-exploring this place.
 F = Levels seen in this place.
 G = Mean time per level.
                   A        B        C        D        E       F      G
               +--------+--------+--------+--------+--------+-----+--------+
         Total |   2509 |   2441 |     68 |   1189 |    802 |   3 |  836.3 |
       Dungeon |   2509 |   2441 |     68 |   1189 |    802 |   3 |  836.3 |
               +--------+--------+--------+--------+--------+-----+--------+

Top non-repeatable levels by time:
     D:1: 1090 daAuts
     D:2: 979 daAuts
     D:3: 440 daAuts
